 Dungeon Crawl Stone Soup version 0.29.1-2-gbd0b4ee654 (webtiles) character file.

Game seed: 12615340944145688284

175 safid the Shooter (level 5, -17/48 HPs)
             Began as a Minotaur Hunter on Nov 18, 2022.
             Demolished by an ogre
             ... wielding a +0 giant club
              (29 damage)
             ... on level 3 of the Dungeon.
             The game lasted 00:06:06 (2624 turns).

safid the Shooter (Minotaur Hunter)                 Turns: 2624, Time: 00:06:06

Health: -17/48     AC:  5    Str: 16    XL:     5   Next: 29%
Magic:  4/4        EV: 12    Int:  4    God:
Gold:   156        SH:  0    Dex: 13    Spells: 4/4 levels left

rFire   . . .      SeeInvis .   a - +0 shortbow
rCold   + . .      Faith    .   (shield currently unavailable)
rNeg    . . .      Spirit   .   c - +0 leather armour
rPois   .          Reflect  .   (helmet restricted)
rElec   .          Harm     .   (no cloak)
rCorr   .          Rampage  .   t - +0 pair of gloves
Will    .....                   s - +0 pair of boots
Stlth   +.........              v - amulet of regeneration
HPRegen 0.96/turn               q - ring of flight
MPRegen 0.09/turn               (no ring)

@: lethally poisoned (-17 -> -26), weak-willed, attractive, flying, hasted, very
quick
A: horns 2, retaliatory headbutt, clumsy 1, cold resistance 1, dopey 1,
MP-powered wands
a: no special abilities


You were on level 3 of the Dungeon.
You visited 1 branch of the dungeon, and saw 4 of its levels.

You collected 156 gold pieces.

Inventory:

Hand Weapons
 a - a +0 shortbow (weapon)
Missiles
 r - a throwing net
Armour
 c - a +0 leather armour (worn)
 s - a +0 pair of boots (worn)
 t - a +0 pair of gloves (worn)
Jewellery
 q - a ring of flight (left hand)
 v - an amulet of regeneration (around neck)
Scrolls
 b - 3 scrolls of immolation
 i - 4 scrolls of poison
 k - 2 scrolls of identify
 l - a scroll of torment {unknown}
 n - a scroll of teleportation {unknown}
 p - a scroll of enchant weapon {unknown}
Potions
 h - a potion of curing


   Skills:
 + Level 5.0 Fighting
 + Level 6.0 Ranged Weapons
 - Level 2.1 Dodging
 - Level 0.7 Stealth


You had 4 spell levels left.
You didn't know any spells.
Your spell library was empty.

Dungeon Overview and Level Annotations

Branches:
Dungeon (4/15)
 Temple: D:4-7

Altars:


Innate Abilities, Weirdness & Mutations

You have a pair of horns on your head.
You reflexively headbutt those who attack you in melee.
You are clumsy. (Dex -2)
Your flesh is cold resistant. (rC+)
You are dopey. (Int -2)
You expend magic power (3 MP) to strengthen your wands.


Message History

Your +0 leather armour unmelds from your body.
The ogre misses you.
Unknown command.
The gnoll hits you with a +2 whip of venom.
You are poisoned.
The gnoll barely misses you. You furiously retaliate!
You headbutt the gnoll! The gnoll closely misses you.
You feel sick. The gnoll closely misses you.
The gnoll hits you but does no damage.
You are more poisoned.
You feel very sick. The gnoll is attracted toward you. x2
You feel sick.
The gnoll hits you from afar with a +0 spear.
You feel sick. The ogre is attracted toward you.
The orc is attracted toward you.
There is a stone staircase leading up here.
You feel sick.
You fly upwards.
Your hearing returns.
You feel sick.
There is a stone staircase leading down here.
Fire: a) +0 shortbow
Press: ? - help, Q - select action, (/) - cycle Shift-Dir - straight line, f - gnoll
Aim: a gnoll, wielding a +2 whip of venom (66% to hit)
You shoot an arrow.
The arrow hits the gnoll but does no damage.
You feel sick. The gnoll barely misses you.
The ogre hits you with a +0 giant club!!
* * * LOW HITPOINT WARNING * * *
Unknown command.
Fire: a) +0 shortbow
Press: ? - help, Q - select action, (/) - cycle Shift-Dir - straight line, f - ogre, p - gnoll
Aim: an ogre, wielding a +0 giant club (heavily wounded, weak-willed, 77% to hit)
You shoot an arrow. The arrow barely misses the ogre.
You feel sick. The gnoll hits you but does no damage.
You are more poisoned.
The ogre hits you with a +0 giant club!!
Ouch! That really hurt!
You die...

##########..# #..#.#.#.#
..>.........# #..#.#.#.#
............# #..#.#.#.#
###........####..#.#.#.#
..'........'.....#.#.#.#
###........###...#...#.#
#........# #...#.....#
########## #.g.#.######
#.......# #..@.......#
###.......#####.O#.###.##
..+......<'.............#
###.......######.###..###
#.......# #...#..#
#.......# ###.#..#
######### #.#..# #.#..#
#.#..#


You could see an ogre (weak-willed) and a gnoll.

Vanquished Creatures
  Ijyb (D:4)
  Jessica (D:3)
  Terence (D:2)
  3 adders
  A dart slug (D:2)
  2 orcs
  10 ball pythons
  4 endoplasms
  3 giant cockroaches
  10 goblins
  4 hobgoblins
  5 jackals
  4 quokkas
  5 bats
  6 frilled lizards
  A kobold (D:1)
  2 rats (D:2)
63 creatures vanquished.

Notes
Turn   | Place    | Note
-------+----------+-------------------------------------------
     0 | D:1      | safid the Minotaur Hunter began the quest for the Orb.
     0 | D:1      | Reached XP level 1. HP: 18/18 MP: 0/0
   153 | D:1      | Reached XP level 2. HP: 25/25 MP: 1/1
   568 | D:1      | Found a faded altar of an unknown god.
   579 | D:1      | Reached skill level 5 in Ranged Weapons
   579 | D:1      | Reached XP level 3. HP: 31/31 MP: 2/2
  1284 | D:2      | Noticed Terence
  1292 | D:2      | Killed Terence
  1293 | D:2      | Reached XP level 4. HP: 40/41 MP: 3/3
  1946 | D:3      | Noticed Jessica
  1950 | D:3      | Killed Jessica
  1951 | D:3      | Reached XP level 5. HP: 47/47 MP: 4/4
  2582 | D:4      | Noticed Ijyb
  2583 | D:4      | Noticed an ogre
  2590 | D:4      | Killed Ijyb
  2591 | D:4      | Reached skill level 5 in Fighting
  2591 | D:4      | Reached skill level 6 in Ranged Weapons
  2603 | D:4      | Gained mutation: Your flesh is cold resistant. (rC+)
                  | [potion of mutation]
  2603 | D:4      | Gained mutation: You are clumsy. (Dex -2) [potion of
                  | mutation]
  2603 | D:4      | Gained mutation: You are dopey. (Int -2) [potion of
                  | mutation]
  2603 | D:4      | Gained mutation: You expend magic power (3 MP) to
                  | strengthen your wands. [potion of mutation]
  2624 | D:3      | Demolished by an ogre

Illustrated notes

Levels and vault maps discovered:
D:1:      lightli_arrival_statuegarden, layout_loops_ring,
          hellmonk_ecumenical_altar_blasted, kennysheep_doodads,
          minmay_pentomino_x2
D:2:      layout_basic, uniq_terence
D:3:      layout_basic, serial_bayou_crossing, uniq_jessica
D:4:      layout_rooms, grunt_temple_overflow_open, uniq_ijyb

Skill      XL: |  1  2  3  4  5 |
---------------+----------------+-----
Fighting       | 3 4 5 |  5.0
Ranged Weapons | 5 6 |  6.0
Dodging        | |  2.1
Stealth        | |  0.7

Action                   |  1- 3 |  4- 6 || total
-------------------------+-------+-------++-------
 Fire: Shortbow          |    91 |    47 ||   138
Evoke: Wand              |       |     2 ||     2
  Use: Potion            |       |     6 ||     6
       Scroll            |       |     4 ||     4
Armor: Leather armour    |     7 |     5 ||    12
       Skin              |       |    13 ||    13
Dodge: Dodged            |    17 |    60 ||    77
